[Event "2nd Bieszczady Chess-ch A 2022"]
[Site "Bystre"]
[Date "2022.07.22"]
[Round "7.5"]
[White "Wilk, Tomasz"]
[Black "Maksimenko, Andrei Jr"]
[Result "1-0"]
[ECO "B23"]
[WhiteElo "1900"]
[BlackElo "1897"]
[Annotator "TA"]
[PlyCount "59"]
[EventDate "2022.07.17"]
[EventCountry "POL"]
[SourceTitle "playchess.com"]
[Source "ChessBase"]
[SourceQuality "1"]
[TimeControl "5400+30"]

1. e4 c5 2. Nc3 Nc6 3. f4 e6 4. Nf3 d5 5. Bb5 Nge7 6. O-O a6 {[%emt 0:17:32] B23: Closed Sicilian: Lines without g3.} 7. Bxc6+ bxc6 (7... Nxc6 $11 {keeps the balance.} 8. exd5 exd5) 8. d3 g6 (8... Ng6 $16) 9. Na4 $18 Qa5 10. c4 Bg7 {[%emt 0:07:39] [#]} 11. e5 $146 ({Predecessor:} 11. Be3 d4 12. Bd2 Qc7 13. Nxc5 O-O 14. b4 Rd8 15. Nb3 f6 16. Qe2 e5 17. fxe5 fxe5 {1-0 (23) Hava,J (2080)-Ptacnik,P Czech Republic 2012}) 11... O-O (11... Nf5 $16 {might work better.} 12. Bd2 Qc7) 12. Be3 (12. Bd2 $6 Qc7 13. Be3 (13. Nxc5 h5 $16) 13... d4 $16) 12... Qd8 (12... d4 $2 13. Bd2 Qc7 14. g4 (14. Nxc5 Qa7 $18)) 13. Qe1 ({Much less strong is} 13. Nxc5 $6 f6 14. g4 fxe5 $18) 13... h6 14. Rd1 ({Don't play} 14. Nxc5 $6 h5 15. b4 Nf5 $18) 14... Kh7 15. b3 Rh8 16. Bxc5 ({Resist} 16. Nxc5 Nf5 17. Bf2 h5) 16... Qe8 17. g4 Kg8 18. Kg2 h5 19. h3 a5 20. Qe3 Bb7 21. Nd4 Nc8 (21... Rb8 {was called for.} 22. Rh1 Nc8) 22. Rde1 Bf8 $2 (22... Ne7 23. Rh1 Qd8) 23. f5 hxg4 (23... Bg7 $142 24. Nxe6 fxe6) 24. hxg4 exf5 25. gxf5 {[%emt 0:00:45] And now Rh1 would win.} Bxc5 26. Nxc5 {[%emt 0:00:11] White threatens Rh1 and mate. Pair of Knights!} Qe7 {[%emt 0:01:07] [#]} 27. fxg6 $1 fxg6 28. Nde6 Nb6 29. Rf6 Qh7 30. Qg3 {[%emt 0:00:06] White took control after the opening.  Weighted Error Value: White=0.10 (very precise) /Black=1.00} 1-0

[Event "2nd Bieszczady Chess-ch A 2022"]
[Site "Bystre"]
[Date "2022.07.22"]
[Round "7.6"]
[White "Bugajski, Robert"]
[Black "Babiarz, Arkadiusz"]
[Result "0-1"]
[ECO "D26"]
[WhiteElo "2075"]
[BlackElo "2027"]
[Annotator "TA"]
[PlyCount "66"]
[EventDate "2022.07.17"]
[EventCountry "POL"]
[SourceTitle "playchess.com"]
[Source "ChessBase"]
[SourceQuality "1"]
[TimeControl "5400+30"]

1. c4 {[%emt 0:00:04] Huzman,A} e6 2. Nf3 d5 3. d4 dxc4 4. e3 Nf6 5. Bxc4 a6 6. a4 c5 7. Nc3 Nbd7 8. O-O Qc7 9. Qe2 Bd6 {[%emt 0:02:22] D27: Queen's Gambit Accepted: Classical main line: 7 e4!? and 7 a4.} 10. dxc5 Nxc5 {[%emt 0:05:18] [#]} 11. b3 $146 (11. Rd1 $14 {feels stronger.}) ({Predecessor:} 11. e4 Ncd7 12. Bg5 b6 13. Rac1 Bb7 14. Bxe6 fxe6 15. Nb5 axb5 16. Rxc7 Bxc7 17. Qxb5 Nxe4 {1-0 (61) Stocek,J (2543)-Markowski,T (2605) Antalya 2004 CBM 101 [Huzman,A]}) 11... Nxb3 {[%emt 0:03:39] The position is equal.} 12. Bxb3 Qxc3 13. Rb1 Bd7 14. Rd1 Qc7 15. Qd3 {[%emt 0:05:29][%mdl 1024] White has compensation.} Be7 16. Bb2 Rd8 17. Be5 Qa5 18. Bc3 Qh5 19. Qc4 O-O 20. Ne5 Rc8 21. Qd3 Rfd8 {[%emt 0:01:00][%cal Od7a4] Hoping for ...Bxa4!} 22. Bd4 Bc6 (22... Bd6 $17 23. f4 Be8) 23. Nxc6 $15 Rxc6 24. Qf1 Rdc8 25. h3 (25. Bxf6 $11 {keeps the balance.} Bxf6 26. Rd7) 25... Ne4 $36 {[%emt 0:03:52][%mdl 2048] Black is in control.} 26. Qe1 (26. Qd3 $142 Nc3 27. Bxc3 Rxc3 28. Qf1) 26... a5 {[%emt 0:03:14] Threatens to win with ...Bb4.} 27. Rdc1 (27. Rb2 $17) 27... Bb4 28. Rxc6 Rxc6 29. Qd1 Qf5 {[%emt 0:00:48] 0x0.001eb8d8a066dp-1022s more active pieces.} 30. f3 (30. f4 $17 {was called for.}) 30... Nd2 $19 31. Rb2 e5 32. e4 $2 (32. Bd5 exd4 33. Bxc6 dxe3 34. Bb5) 32... Qg5 33. Bf2 {[%emt 0:00:38] [#]} Rc1 $3 {[%emt 0:00:20][%mdl 512] Weighted Error Value: White=0.54/Black=0.09 (flawless)} 0-1

[Event "2nd Bieszczady Chess-ch A 2022"]
[Site "Bystre"]
[Date "2022.07.22"]
[Round "7.7"]
[White "Palacki, Rafal"]
[Black "Sygulski, Piotr"]
[Result "1-0"]
[ECO "B12"]
[WhiteElo "1832"]
[BlackElo "2013"]
[Annotator "TA"]
[PlyCount "43"]
[EventDate "2022.07.17"]
[EventCountry "POL"]
[SourceTitle "playchess.com"]
[Source "ChessBase"]
[SourceQuality "1"]
[TimeControl "5400+30"]

1. e4 c6 2. d4 d5 3. e5 c5 4. Nf3 Nc6 5. dxc5 Bg4 6. c3 {[%emt 0:00:05] B12: Caro-Kann: Advance Variation.} Bxf3 7. Qxf3 Nxe5 8. Bb5+ {[%emt 0:00:11] White is slightly better.} Nc6 9. O-O e6 10. Qg3 (10. Be3 $14) 10... Nf6 {[%emt 0:02:52] [#]} (10... Nge7 $5 ) 11. Be3 $146 ({Predecessor:} 11. Nd2) 11... Ne4 12. Qe5 Nxc5 (12... Qd7 $5 13. Bxc6 bxc6 $11) 13. Bxc5 Bxc5 14. Qxg7 Ke7 $1 15. Qg5+ Kd7 16. Qh5 {[%emt 0:01:17] [#] Black must now prevent c4.} Qe7 (16... Qf6 $11) 17. Nd2 Rhg8 18. Nf3 {[%emt 0:02:21] Inhibits Qg5. c4 is the strong threat.} ({Don't go for} 18. Qxh7 $2 Qg5 19. Qxf7+ Be7 $19) 18... Rg7 ({Better is} 18... Kc7 $14) 19. c4 d4 (19... Rag8 $16) 20. Rad1 $18 {[%emt 0:00:38] [#] Strongly threatening b4.} Rag8 21. g3 Rg4 $2 (21... Kc8 {is tougher.} 22. Bxc6 bxc6 23. Nxd4 Bxd4) 22. Ne5+ {[%emt 0:00:21] Weighted Error Value: White=0.15 (very precise) /Black=0.42} 1-0

[Event "2nd Bieszczady Chess-ch A 2022"]
[Site "Bystre"]
[Date "2022.07.22"]
[Round "7.8"]
[White "Hnatyshyn, Anastasiia"]
[Black "Kucharski, Bartlomiej"]
[Result "1-0"]
[ECO "B01"]
[WhiteElo "1931"]
[BlackElo "2003"]
[Annotator "TA"]
[PlyCount "135"]
[EventDate "2022.07.17"]
[EventCountry "POL"]
[SourceTitle "playchess.com"]
[Source "ChessBase"]
[SourceQuality "1"]
[TimeControl "5400+30"]

1. e4 d5 2. exd5 Qxd5 3. Nc3 Qa5 4. d4 Nf6 5. Nf3 Bf5 6. Bd3 Bxd3 7. Qxd3 c6 {B01: Scandinavian Defence.} 8. O-O e6 9. Bf4 Be7 {[%emt 0:01:14] The position is equal.} 10. Ne5 O-O 11. Rad1 {[%emt 0:01:22] [#]} Nbd7 $146 ({Predecessor:} 11... Nd5 12. Qg3 Nxf4 13. Qxf4 Qc7 14. Rfe1 Nd7 15. Ne4 Rad8 16. Qg3 Nxe5 17. dxe5 Rd5 {0-1 (45) Schulenburg,P (2290)-Forchert,N Germany 1994}) 12. Nc4 Qa6 13. Bd6 Rfe8 14. Bxe7 Rxe7 15. Rfe1 Nd5 16. Nxd5 cxd5 17. Ne3 {[%emt 0:00:13] [#] Threatens to win with Qxa6.} Qxd3 18. Rxd3 Nf6 19. f3 Rc7 20. a4 Ne8 21. Rb3 Nd6 22. c3 Kf8 23. Kf1 Rc6 24. Ke2 Ra6 25. Rb4 Ke7 26. Kd1 Kd7 27. Ng4 Rc8 28. Ne5+ Ke7 29. Kc2 Rb6 30. Rxb6 axb6 $11 {[%emt 0:00:02][%mdl 4096] Endgame KRN-KRN} 31. Ra1 Ra8 32. b3 (32. Kb3 $14) 32... f6 33. Nd3 Nf5 34. Re1 {[%emt 0:02:34] Hoping for g4.} Kd6 35. g4 Nh4 36. f4 Re8 37. Re3 h6 38. c4 g5 39. Kc3 Ng2 40. Rf3 {[%emt 0:00:00] Black must now prevent fxg5.} gxf4 (40... Nh4 $14 41. Rf2 Rf8) 41. Nxf4 $16 Nxf4 42. Rxf4 dxc4 (42... Rf8 $16 {was worth a try.}) 43. Rxf6 $18 cxb3 44. Rxh6 $14 {[%emt 0:00:00] KR-KR} ({Weaker is} 44. Kxb3 Rg8 $14) 44... b2 $2 (44... Rg8) 45. Kxb2 $18 Kd5 46. Kc3 Rc8+ (46... Ra8 $142 47. Rh5+ Kd6) 47. Kd3 Ra8 48. Rh5+ Kd6 49. Rb5 Rxa4 50. Rxb6+ Kd5 51. Rb5+ Kc6 52. Re5 Ra3+ 53. Kc4 $2 (53. Ke4 Kd6 54. h4) 53... Kd6 $2 (53... Ra4+ 54. Kd3 Kd6) 54. h4 {[%emt 0:00:39][%cal Bh2h4,Bh4h5,Bh5h6][%mdl 32] White is clearly winning.} Rh3 55. h5 Rg3 56. Rg5 {[%emt 0:01:23] [#] And now h6 would win.} Ke7 57. Rg7+ Kf8 58. h6 Rh3 59. g5 b6 60. Rb7 Kg8 61. Rxb6 Rg3 62. Rb8+ Kh7 63. Rb7+ Kh8 64. Rg7 e5 65. d5 e4 66. d6 Rd3 67. d7 Rd6 68. Re7 {[%emt 0:00:13] Weighted Error Value: White=0.26 (precise) /Black=0.24 (precise)} 1-0

[Event "2nd Bieszczady Chess-ch A 2022"]
[Site "Bystre"]
[Date "2022.07.23"]
[Round "8.1"]
[White "Tymrakiewicz, Rafal"]
[Black "Razin, Vadim"]
[Result "1/2-1/2"]
[ECO "D00"]
[WhiteElo "2205"]
[BlackElo "2428"]
[Annotator "TA"]
[PlyCount "30"]
[EventDate "2022.07.17"]
[EventCountry "POL"]
[SourceTitle "playchess.com"]
[Source "ChessBase"]
[SourceQuality "1"]
[TimeControl "5400+30"]

1. d4 d5 2. Bf4 Nf6 3. e3 c6 4. c4 e6 5. Nc3 Bd6 6. Bxd6 Qxd6 7. Nf3 $1 {[%emt 0:02:40] 7.Nf3 is better than 7.c5.} Nbd7 8. Be2 {[%emt 0:03:31] [#] A rather calm draw. D35: Queen's Gambit Declined: Exchange Variation.} {Predecessor:} O-O $146 9. O-O Re8 10. Rc1 a6 11. a3 b5 12. cxd5 cxd5 13. Bd3 Bb7 14. Nd2 e5 15. Nb3 e4 {0-1 (66) Demidov,M (2551)-Nakamura,H (2736) Chess.com INT 2021} 1/2-1/2

[Event "2nd Bieszczady Chess-ch A 2022"]
[Site "Bystre"]
[Date "2022.07.23"]
[Round "8.2"]
[White "Babiarz, Arkadiusz"]
[Black "Lewtak, Damian"]
[Result "1/2-1/2"]
[ECO "C41"]
[WhiteElo "2027"]
[BlackElo "2397"]
[Annotator "TA"]
[PlyCount "66"]
[EventDate "2022.07.17"]
[EventCountry "POL"]
[SourceTitle "playchess.com"]
[Source "ChessBase"]
[SourceQuality "1"]
[TimeControl "5400+30"]

1. e4 d6 2. d4 Nf6 3. Nc3 e5 4. Nf3 Nbd7 5. Bc4 Be7 6. O-O O-O 7. Re1 c6 8. a4 a5 9. h3 exd4 10. Qxd4 Nc5 {[%emt 0:01:37][%cal Oc5e4] C41: Philidor Defence.} 11. Be3 Be6 12. Rad1 Qc8 (12... Bxc4 $11 13. Qxc4 Nfd7) 13. Bxe6 {[%emt 0:06:02] White is more active.} (13. Bg5 {feels hotter.} b6 14. Nd5 cxd5 15. exd5 h6 16. Bh4) 13... Nxe6 14. Qc4 Re8 {[%emt 0:01:16] [#]} 15. Nd4 $146 ({Predecessor:} 15. Qb3 Bf8 16. Re2 Nd7 17. Qc4 Nec5 18. Bf4 Nb6 19. Qd4 d5 20. exd5 Rxe2 21. Nxe2 Nxd5 22. Bd2 Qf5 23. Rc1 Ne4 24. Qd3 Bc5 25. Rf1 Nd6 26. Qxf5 {½-½ (26) Feletar,D (2376)-Novak,D (2365) Pula 1999}) 15... Nxe4 16. Nxe4 {[%emt 0:01:25] [#] aiming for Nxe6.} d5 17. Qd3 {[%emt 0:00:12] Threatens to win with Ng3.} (17. Qb3 $5 dxe4 18. Nxe6 Qxe6 19. Qxe6 (19. Qxb7 Reb8 $11) 19... fxe6 20. Rd4 $14) 17... dxe4 18. Qxe4 Bf6 {[%emt 0:01:58] White must now prevent ...Nxd4.} 19. Qd3 Rd8 20. Qc4 Bxd4 (20... b5 $5 21. axb5 Bxd4 22. Bxd4 cxb5 23. Qxc8 Raxc8 $11) 21. Bxd4 Qd7 22. c3 c5 23. Be3 ({But not} 23. Bxc5 $2 Qc7 24. b4 (24. Rxd8+ $2 Rxd8 25. b4 b6 $19) 24... b6 $19) 23... Qxd1 24. Rxd1 Rxd1+ 25. Kh2 b6 26. Qe4 Rdd8 27. Qc6 Rab8 28. f4 g6 29. f5 gxf5 30. Qf3 Re8 31. Bh6 f4 $1 {[%emt 0:05:05] Prevents Qg3+.} 32. Qg4+ Kh8 33. Bxf4 Nxf4 {[%emt 0:00:12] Weighted Error Value: White=0.09 (flawless) /Black=0.10 (very precise)} 1/2-1/2

[Event "2nd Bieszczady Chess-ch A 2022"]
[Site "Bystre"]
[Date "2022.07.23"]
[Round "8.3"]
[White "Marszalek, Maciej"]
[Black "Wilk, Tomasz"]
[Result "1-0"]
[ECO "A62"]
[WhiteElo "2268"]
[BlackElo "1900"]
[Annotator "TA"]
[PlyCount "73"]
[EventDate "2022.07.17"]
[EventCountry "POL"]
[SourceTitle "playchess.com"]
[Source "ChessBase"]
[SourceQuality "1"]
[TimeControl "5400+30"]

1. d4 Nf6 2. c4 e6 3. g3 c5 4. d5 exd5 5. cxd5 d6 6. Nc3 g6 7. Nf3 Bg7 8. Bg2 O-O 9. O-O Re8 10. Re1 Na6 {[%emt 0:10:19] A62: Modern Benoni: Fianchetto Variation without early ...Nbd7.} 11. e4 Bg4 12. Bf4 Nc7 {[%emt 0:04:03] The position is equal.} 13. a4 a6 14. h3 Bxf3 15. Bxf3 {[#]} Nh5 $146 {[#]} (15... Rc8 $14) ({Predecessor:} 15... Bf8 16. a5 Nd7 17. Be2 Rb8 18. Qd2 Ne5 19. Be3 Bg7 20. f4 Nd7 21. e5 dxe5 {0-1 (59) Fidalgo,A (2265)-Janik,I (2454) Lisbon 2020}) 16. Bxh5 $18 gxh5 17. Qxh5 Qf6 (17... Qe7 $142 18. Rad1 Rad8) 18. Qg4 b5 19. axb5 Nxb5 20. Nxb5 axb5 21. Rxa8 Rxa8 22. e5 Qg6 (22... dxe5 23. Bxe5 Qg6) 23. Qe2 $2 $40 {[%emt 0:01:30][%mdl 128] Black is in trouble.} (23. exd6 {Hoping for d7.} Bf6 24. Bh6) 23... dxe5 24. Bxe5 Re8 $2 {[#]} (24... Qf5 {keeps fighting.} 25. Bxg7 Kxg7) 25. Qxb5 $1 f6 (25... Rd8 26. Qxc5) 26. Bc3 Rxe1+ 27. Bxe1 {[%emt 0:04:08][%mdl 4096] Endgame And now d6 would win. KQB-KQB} Qe4 28. Bd2 Qxd5 (28... Bf8 $18 29. Qd7 Qe7 30. Qg4+ Kf7) 29. Qe8+ Bf8 30. Bh6 Qd6 31. Qxf8+ Qxf8 32. Bxf8 Kxf8 {[%emt 0:00:35] KP-KP} 33. Kf1 Ke7 34. Ke2 Kd6 35. Kd3 Kd5 36. b3 f5 37. f3 {[%emt 0:00:16] Black did not feel at home in the position after the opening.  Weighted Error Value: White=0.24 (precise) /Black=0.78} 1-0

[Event "2nd Bieszczady Chess-ch A 2022"]
[Site "Bystre"]
[Date "2022.07.23"]
[Round "8.4"]
[White "Kyc, Jerzy"]
[Black "Kasperek, Ryszard"]
[Result "1-0"]
[ECO "B42"]
[WhiteElo "2203"]
[BlackElo "2058"]
[Annotator "TA"]
[PlyCount "57"]
[EventDate "2022.07.17"]
[EventCountry "POL"]
[SourceTitle "playchess.com"]
[Source "ChessBase"]
[SourceQuality "1"]
[TimeControl "5400+30"]

1. e4 c5 2. Nf3 e6 3. d4 cxd4 4. Nxd4 a6 5. Bd3 Nc6 6. Nxc6 dxc6 7. O-O e5 8. f4 Bc5+ {[%emt 0:03:36] B42: Sicilian: Kan Variation: 5 Bd3.} 9. Kh1 Nf6 10. Qe1 Ng4 {[%emt 0:09:57] The position is equal.} 11. Nc3 (11. Be2 $11) 11... Qd4 $15 {[%emt 0:11:02] aiming for ...Nf2+.} 12. Nd1 {[%emt 0:01:23] Inhibits Nf2+.} exf4 13. Bxf4 {[%emt 0:00:24] [#]} f6 $146 (13... Be6 $15) ({Predecessor:} 13... Be6 14. Qg3 h5 15. h3 h4 16. Qe1 Ne5 17. Be3 Qd6 18. Bxc5 Qxc5 19. Ne3 O-O-O {0-1 (74) Petrovskiy,V (2330)-Pham,L (2369) Chess.com INT 2022}) 14. h3 h5 (14... Ne5 $11 {keeps the balance.}) 15. e5 $1 $16 fxe5 {[%emt 0:08:39][%mdl 8192] Loses the game.} 16. Bg5 $18 Be6 17. Nc3 Kd7 (17... Nf2+ $2 {[#]} 18. Rxf2 $1 Bf7 19. Rxf7 $1 Kxf7 20. Qe2 $18) 18. Ne4 {[%emt 0:07:36] Inhibits Nf2+. The board is on fire.} Bb6 {[%emt 0:12:13] [#]} (18... Raf8 {was worth a try.} 19. Nxc5+ Qxc5) 19. c3 $1 Qa4 (19... Qd5 20. Bc2) 20. Rd1 ({Less strong is} 20. hxg4 hxg4+ 21. Bh4 Rad8 $16) 20... Kc7 (20... Kc8 $142 21. Qh4 Kc7) 21. Be7 {[%emt 0:02:43] White is clearly winning.} Qxa2 22. Bd6+ Kc8 23. Bc5 {[%emt 0:02:30] Inhibits Ne3.} Bc7 24. hxg4 hxg4+ 25. Kg1 {[%emt 0:00:02] Active counter play!} Qxb2 26. Qe3 a5 27. Rd2 Qb3 28. Rb1 Qd5 29. Be2 {[%emt 0:00:18][%mdl 64] Discovered Attack.  Weighted Error Value: White=0.22 (precise) /Black=0.71} 1-0

[Event "2nd Bieszczady Chess-ch A 2022"]
[Site "Bystre"]
[Date "2022.07.23"]
[Round "8.5"]
[White "Karvatskyi, Oleksii"]
[Black "Dzwierzynski, Bartosz"]
[Result "1-0"]
[ECO "A45"]
[WhiteElo "1804"]
[BlackElo "2129"]
[Annotator "TA"]
[PlyCount "79"]
[EventDate "2022.07.17"]
[EventCountry "POL"]
[SourceTitle "playchess.com"]
[Source "ChessBase"]
[SourceQuality "1"]
[TimeControl "5400+30"]

1. d4 Nf6 2. Nc3 d5 3. Bf4 Bf5 4. f3 e6 5. g4 Bg6 6. h4 {[%emt 0:00:01] Hoping for h5. D00: 1 d4 d5: Unusual lines.} h6 7. e3 a6 8. Bd3 {[%emt 0:00:31] The position is equal.} Bxd3 9. Qxd3 c5 10. Nge2 Nc6 11. O-O-O Bd6 (11... c4 $5 12. Qd2 b5 $11) 12. g5 Nh5 13. g6 {[%emt 0:04:12] [#]} (13. Bxd6 $11 {keeps the balance.} c4 14. Qd2 $1 Qxd6 15. e4) 13... f6 $146 ({Black should try} 13... Nxf4 $17 14. exf4 cxd4 15. gxf7+ Kxf7 16. Nxd4 Bxf4+ 17. Kb1 Qf6) ({Predecessor:} 13... f5 14. Bxd6 Qxd6 15. e4 fxe4 16. fxe4 Nf4 17. Qe3 Nxe2+ 18. Nxe2 cxd4 19. Nxd4 O-O-O 20. Nxc6 Qxc6 21. exd5 Rxd5 22. Rxd5 exd5 {1-0 (71) Artemenko,O (2246)-Karabalis,H (2252) Chess.com INT 2022}) 14. dxc5 (14. Bxd6 {seems wilder.} c4 15. Qd2 Qxd6 16. e4) 14... Nxf4 (14... Bxc5 $11 {and Black stays safe.} 15. Kb1 Qe7) 15. Nxf4 $18 Bxf4 16. exf4 {[%emt 0:00:05][%cal Be3f4,Bf4f5,Bf5e6,Be6e7][%mdl 32] aiming for Rhe1.} O-O 17. Rhe1 Re8 {[%emt 0:12:41] [#]} 18. f5 $1 Ne5 19. Qe2 {[%emt 0:00:30] Black must now prevent fxe6.} Rc8 $2 {[%emt 0:09:02][%mdl 8192] Loses the game.} (19... exf5 $16 20. Nxd5 (20. Rxd5 Qa5 $14) 20... Nxg6) 20. f4 Nc4 21. fxe6 Qa5 {[%emt 0:02:49] And now ...Qb4 would win.} 22. a3 {[%emt 0:10:13] Inhibits Qb4.} Rxc5 (22... Qxc5 $142 23. Nxd5 Kh8) 23. e7 Rc6 {[%emt 0:05:20][%cal Oc4b2] Against Qe6+} 24. Nxd5 Nxa3 25. bxa3 Qxa3+ 26. Kb1 Rc5 27. Rd3 Qa4 {[%emt 0:05:50] [#]} 28. Nxf6+ $1 {[%emt 0:01:42] White mates.} Kh8 29. Nxe8 Rb5+ 30. Rb3 Ra5 {[%emt 0:00:10] [#]} 31. Qe5 $3 Qa2+ 32. Kc1 Rxe5 33. Rxe5 Qa1+ 34. Kd2 Qd4+ 35. Rd3 Qxf4+ 36. Ree3 Qb4+ 37. Kc1 Qa5 {[%emt 0:00:12] [#]} 38. Nc7 $1 Qa1+ 39. Kd2 Qa5+ 40. Rc3 {[%emt 0:00:00] Weighted Error Value: White=0.17 (very precise) /Black=0.62} 1-0

[Event "2nd Bieszczady Chess-ch A 2022"]
[Site "Bystre"]
[Date "2022.07.23"]
[Round "8.6"]
[White "Palacki, Rafal"]
[Black "Hnatyshyn, Anastasiia"]
[Result "1/2-1/2"]
[ECO "A01"]
[WhiteElo "1832"]
[BlackElo "1931"]
[Annotator "TA"]
[PlyCount "61"]
[EventDate "2022.07.17"]
[EventCountry "POL"]
[SourceTitle "playchess.com"]
[Source "ChessBase"]
[SourceQuality "1"]
[TimeControl "5400+30"]

1. b3 d5 2. Bb2 Nf6 3. e3 g6 4. Nf3 Bg7 5. c4 c6 6. Be2 O-O 7. O-O Re8 8. d4 {[%emt 0:01:46] A12: English Opening: 1...c6 with b3 by White.} Ne4 9. Nbd2 Bf5 {[%emt 0:00:54] [#]} 10. Nh4 $146 {[%emt 0:05:51] White has an edge.} ({Predecessor:} 10. Rc1 Nd7 11. Nxe4 Bxe4 12. cxd5 cxd5 13. Qd2 Qb6 14. Qc3 Bxf3 15. Bxf3 e6 16. Qc7 {½-½ (53) Nanu,C (2482)-Rogozenco,D (2527) Predeal 2006}) 10... Be6 11. f4 Nxd2 12. Qxd2 Bf5 13. Nxf5 gxf5 14. g4 fxg4 15. Bxg4 Nd7 16. Kh1 {[%emt 0:05:30] And now Qg2 would win.} Nf6 17. Rg1 {[%emt 0:12:54][%cal Bf1g1,Bg1g3,Bg3f3][%mdl 32] White is more active.} Kh8 18. Bf3 ({White should play} 18. Bf5 $14) 18... Rg8 $11 19. Qc2 Qd7 20. Rg3 Qe6 21. Rag1 Qxe3 $2 {[%emt 0:14:12] [#]} (21... Bh6 $11 {and Black has nothing to worry.}) 22. Bxd5 $1 Qxf4 {[%emt 0:00:11] [#]} 23. Rf3 $1 ({Not} 23. Bxf7 Ne4 24. R3g2 (24. Bxg8 Nxg3+ 25. Rxg3 Rxg8 $11) 24... Qxf7 $11) 23... Qh4 (23... Nxd5 {is more resistant.} 24. Rxf4 Nxf4) 24. Bxf7 $18 Rgf8 25. Be6 {[%emt 0:00:33] Black must now prevent d5.} Ne4 26. d5 Bxb2 27. Qxb2+ Rf6 {[%emt 0:00:47] Strongly threatening ...Nf2+.} 28. Qg2 (28. h3 $18) 28... Rg6 $16 29. Qb2+ {[%emt 0:00:18] Really sharp!} (29. Qf1 $16 Rxg1+ 30. Qxg1) 29... Rf6 $18 {[%emt 0:00:17] aiming for ...Nf2+.} 30. Qg2 (30. Rgf1 $18 {and White stays clearly on top.} Qh6 31. Qd4) 30... Rg6 $1 $16 31. Qb2+ {Weighted Error Value: White=0.46/Black=0.30} (31. Qf1 $16 Rxg1+ 32. Qxg1) 1/2-1/2

[Event "2nd Bieszczady Chess-ch A 2022"]
[Site "Bystre"]
[Date "2022.07.23"]
[Round "8.6"]
[White "Palacki, Rafal"]
[Black "Hnatyshyn, Anastasiya"]
[Result "*"]
[ECO "A01"]
[WhiteElo "1832"]
[BlackElo "1931"]
[Annotator "TA"]
[PlyCount "38"]
[EventDate "2022.07.17"]
[EventCountry "POL"]
[SourceTitle "playchess.com"]
[Source "ChessBase"]
[SourceQuality "1"]
[TimeControl "5400+30"]

1. b3 d5 2. Bb2 Nf6 3. e3 g6 4. Nf3 Bg7 5. c4 c6 6. Be2 O-O 7. O-O Re8 8. d4 {[%emt 0:01:46] A12: English Opening: 1...c6 with b3 by White.} Ne4 9. Nbd2 Bf5 {[%emt 0:00:54] [#]} 10. Nh4 $146 {[%emt 0:05:51] White has an edge.} ({Predecessor:} 10. Rc1 Nd7 11. Nxe4 Bxe4 12. cxd5 cxd5 13. Qd2 Qb6 14. Qc3 Bxf3 15. Bxf3 e6 16. Qc7 {½-½ (53) Nanu,C (2482)-Rogozenco,D (2527) Predeal 2006}) 10... Be6 11. f4 Nxd2 12. Qxd2 Bf5 {[%emt 0:00:51] Against Qc2} 13. Nxf5 gxf5 14. g4 fxg4 $1 15. Bxg4 Nd7 16. Kh1 Nf6 17. Rg1 {[%emt 0:12:54] [#] aiming for Qg2. White is more active.} Kh8 18. Bf3 (18. Bf5 $14) 18... Rg8 19. Qc2 Qd7 {[%emt 0:04:26] Weighted Error Value: White=0.15 (very precise) /Black=0.15 (very precise)} *

[Event "2nd Bieszczady Chess-ch A 2022"]
[Site "Bystre"]
[Date "2022.07.23"]
[Round "8.7"]
[White "Janzer, Hubert"]
[Black "Sygulski, Piotr"]
[Result "0-1"]
[ECO "D37"]
[WhiteElo "1839"]
[BlackElo "2013"]
[Annotator "TA"]
[PlyCount "54"]
[EventDate "2022.07.17"]
[EventCountry "POL"]
[SourceTitle "playchess.com"]
[Source "ChessBase"]
[SourceQuality "1"]
[TimeControl "5400+30"]

1. d4 d5 2. c4 e6 3. Nc3 Nf6 4. Nf3 Be7 5. Bf4 O-O 6. e3 c5 7. cxd5 Nxd5 8. Bxb8 {[%emt 0:06:26] D37: Queen's Gambit Declined: 5 Bf4.} (8. Bg3 $11) 8... Rxb8 $15 {[%emt 0:00:41] [#]} 9. e4 $146 (9. Bd3 $15) ({Predecessor:} 9. Bc4 cxd4 10. exd4 b5 11. Bxd5 exd5 12. O-O Bg4 13. Qd3 b4 14. Ne2 Bf6 15. Ne5 Bxe5 16. dxe5 {1-0 (29) Alachihin,V (2252)-Komendatyan,A (2001) Samara 2010}) 9... cxd4 10. Qxd4 {[%emt 0:03:34] Black is clearly better.} Nxc3 11. Qxc3 Qb6 {[%emt 0:02:16] [#] And now ...Bb4 would win.} 12. a3 {[%emt 0:09:01] Prevents Bb4.} Bd7 13. Bc4 Rbc8 {[%emt 0:06:05] aiming for ...Bb5.} 14. O-O Bb5 15. b3 Bxc4 16. bxc4 Qc6 17. Nd2 Rfd8 18. e5 Bc5 {[%emt 0:03:30] [#] White must now prevent ...Bd4. Black is more active.} 19. Nb3 {[%emt 0:01:19] Inhibits Bd4.} b5 20. Nxc5 Qxc5 21. Rfd1 bxc4 ({Not} 21... Qxc4 22. Rxd8+ Rxd8 23. Qxc4 bxc4 24. Kf1 $17) 22. Rxd8+ Rxd8 $19 {[%emt 0:00:01] KQR-KQR} 23. Rb1 h6 24. h3 Rd3 {[%emt 0:06:28] Prevents Qe3.} 25. Rb8+ Kh7 26. Qe1 (26. Qc2 Qxe5 27. Rb1) 26... Qd4 {[%emt 0:00:40] Threatens to win with ...Rd1.} 27. Qb1 g6 {[%emt 0:01:04] Weighted Error Value: White=0.70/Black=0.03 (flawless)} 0-1